 Dungeon Crawl Stone Soup version 0.30-a0-149-g7f746667c4 (webtiles) character file.

Game seed: 17378204356804568231

8686 Flugkiller the Nimble (level 11, -8/52 HPs)
             Began as a Spriggan Wanderer on Sept 26, 2022.
             Was an Elder of Ashenzari.
             Mangled by a komodo dragon (28 damage)
             ... on level 10 of the Dungeon.
             The game lasted 00:21:53 (12031 turns).

Flugkiller the Nimble (Spriggan Wanderer)          Turns: 12031, Time: 00:21:54

Health: -8/52      AC:  4    Str: 13    XL:     11   Next: 13%
Magic:  29/30      EV: 24    Int: 20    God:    Ashenzari [****..]
Gold:   799        SH:  7    Dex: 16    Spells: 13/22 levels left

rFire   + . .      SeeInvis +    O - +0 dagger of the Prescient Dismay {distort, Melee, Cun} (curse)
rCold   x . .      Faith    .    k - +0 buckler "Behold Eternity" {Comp, Evo} (curse)
rNeg    + . .      Spirit   .    u - +1 robe of Ashenzari's Secrets {rN+ Str+4 Int+4, Elem, Range} (curse)
rPois   .          Reflect  .    b - +0 hat of Ashenzari's Fetters {Evo, Comp} (curse)
rElec   .          Harm     .    s - +0 cloak
rCorr   .          Rampage  .    (gloves unavailable)
Will    +....      Clarity  +    (boots unavailable)
Stlth   ++++......               H - amulet of Ashenzari's Seeker {Regen+, Bglg, Fort} (curse)
HPRegen 0.97/turn                e - ring of fire
MPRegen 0.22/turn                E - ring of magical power

@: very quick
A: very small, no large weapons, unfitting armour, see invisible, speed 3
a: Renounce Religion, Shatter the Chains


You were on level 10 of the Dungeon.
You worshipped Ashenzari.
Ashenzari was greatly pleased with you.
You visited 2 branches of the dungeon, and saw 12 of its levels.
You also visited: Sewer.

You collected 799 gold pieces.

Inventory:

Hand Weapons
 a - a +0 dagger
 j - a +0 rapier
   (You took it off a kobold on level 2 of the Dungeon)
 O - the cursed +0 dagger of the Prescient Dismay (weapon) {distort, Melee, Cun}
   (You took it off a kobold on level 8 of the Dungeon)

   It warps and distorts space around it, and may blink, banish, or inflict
   extra damage upon those it strikes.
   Unwielding it can cause banishment or high damage.
   It has a curse which improves the following skills: Melee Combat: Short
   Blades, Long Blades, Axes, Maces & Flails, Polearms, Staves and Unarmed
   Combat.
   Cunning:   Dodging and Stealth.
Missiles
 G - 5 throwing nets (quivered)
 K - 6 curare-tipped darts
Armour
 b - the cursed +0 hat of Ashenzari's Fetters (worn) {Evo, Comp}

   It has a curse which improves the following skills: Evocations: Evocations.
   Companions: Summonings and Necromancy.
 g - the +2 hood of the Assassin {Detection Stab+ Stlth++}
   (You acquired it on level 7 of the Dungeon)

   It allows the wearer to sense nearby creatures.
   It allows the wearer to make particularly effective stabbing attacks against
   helpless or unaware enemies with any weapon.
   Stlth:     It makes you much more stealthy.
 k - the cursed +0 buckler "Behold Eternity" (worn) {Comp, Evo}
   (You found it on level 1 of the Dungeon)

   It has a curse which improves the following skills: Companions: Summonings
   and Necromancy.
   Evocations: Evocations.
 s - a +0 cloak (worn)
   (You took it off Crazy Yiuf on level 2 of the Dungeon)
 u - the cursed +1 robe of Ashenzari's Secrets (worn) {rN+ Str+4 Int+4, Elem, Range}
   (You found it on level 2 of the Dungeon)

   Str:       It affects your strength (+4).
   Int:       It affects your intelligence (+4).
   rN:        It protects you from negative energy.
   It has a curse which improves the following skills: Elements: Fire Magic, Ice
   Magic, Air Magic and Earth Magic.
   Ranged Combat: Ranged Weapons and Throwing.
Jewellery
 e - a ring of fire (left hand)
   (You found it on level 2 of the Dungeon)
 m - a ring of willpower
   (You found it on level 10 of the Dungeon)
 o - a ring of poison resistance
   (You found it on level 6 of the Dungeon)
 y - a ring of wizardry
   (You found it on level 3 of the Dungeon)
 E - a ring of magical power (right hand)
   (You found it on level 4 of the Dungeon)
 H - the cursed amulet of Ashenzari's Seeker (around neck) {Regen+, Bglg, Fort}
   (You found it on level 3 of the Dungeon)

   [amulet of regeneration]

   Regen:     It increases your rate of health regeneration.
   It has a curse which improves the following skills: Beguiling: Conjurations,
   Hexes and Translocations.
   Fortitude: Armour and Shields.
 I - a +6 ring of strength
   (You found it on level 6 of the Dungeon)
 L - an amulet of the acrobat
   (You found it on level 8 of the Dungeon)
 N - a ring of positive energy
   (You found it on level 10 of the Dungeon)
Wands
 D - a wand of charming (16)
   (You found it on level 4 of the Dungeon)
Scrolls
 f - 2 scrolls of poison
 n - a scroll of brand weapon
 p - a scroll of immolation
 t - 10 scrolls of teleportation
 v - 3 scrolls of amnesia
 z - a scroll of blinking
 C - 2 scrolls of summoning
 F - 4 scrolls of enchant armour
 J - 2 scrolls of magic mapping
Potions
 c - 3 potions of mutation
 d - 3 potions of might
 h - 2 potions of haste
 i - a potion of flight
 q - 2 potions of curing
 r - 2 potions of magic
 w - 5 potions of heal wounds
 x - a potion of berserk rage
 A - a potion of brilliance
 B - 5 potions of invisibility
 M - 2 potions of attraction
Miscellaneous
 l - a condenser vane (inert)
   (You found it on level 9 of the Dungeon)


   Skills:
 + Level 3.0 Fighting
 + Level 0.6(1.5) Short Blades
 - Level 1.0(2.1) Throwing
 + Level 10.0(12.0) Dodging
 - Level 6.0(8.0) Stealth
 - Level 3.2(5.0) Shields
 - Level 6.0 Spellcasting
 + Level 7.8(10.8) Necromancy
 - Level 5.0 Transmutations
 - Level 1.0(2.1) Fire Magic
 + Level 7.6(9.6) Earth Magic
 - Level 4.0 Poison Magic
 - Level 4.0(6.7) Evocations


You had 13 spell levels left.
You knew the following spells:

 Your Spells              Type           Power      Damage    Failure   Level
a - Sting                 Tmut/Pois      96%        1d7       3%          1
b - Ignite Poison         Fire/Tmut/Pois 31%        N/A       13%         3
c - Borgnjor's Vile Clut  Necr/Erth      23%        N/A       9%          5

Your spell library contained the following spells:

 Spells                   Type           Power      Damage    Failure   Level
 Sublimation of Blood     Necr           49%        N/A       1%          2
 Beastly Appendage        Tmut           52%        N/A       2%          1
 Animate Dead             Necr           49%        N/A       2%          4
 Shock                    Conj/Air       24%        1d4       19%         1
 Tukima's Dance           Hex            6%         N/A       50%         3
 Passage of Golubria      Tloc           6%         N/A       88%         4
 Yara's Violent Unravell  Hex/Tmut       8%         3d5       88%         5
 Lightning Bolt           Conj/Air       3%         1d14      99%         5
 Haunt                    Necr/Summ      14%        N/A       100%        7
 Storm Form               Tmut/Air       8%         N/A       100%        7
 Infestation              Necr           24%        N/A       100%        8


Dungeon Overview and Level Annotations

Branches:
Dungeon (11/15) Zot: 26815  Temple (1/1) D:4 Zot: 5871     Orc (0/2) D:11
  Sewer (visited)
   Lair: D:8-11

Altars:
Ashenzari
Cheibriados
Dithmenos
Elyvilon
Fedhas
Gozag
Hepliaklqana
Kikubaaqudgha
Makhleb
Nemelex Xobeh
Okawaru
Qazlal
Ru
Sif Muna
Trog
Uskayaw
Vehumet
Wu Jian
Xom
Yredelemnul
Zin
The Shining One

Shops:
D:2 [   D:3 *

Annotations:
D:6 Menkaure


Innate Abilities, Weirdness & Mutations

You are very small and have problems with some larger weapons.
You are too small for most types of armour.
You have supernaturally acute eyesight. (SInv)
You cover ground extremely quickly. (Speed+++)


Message History

Aim: an orc, wielding a +0 mace (76% to hit)
The sting hits the orc.
The orc is poisoned.
The orc is severely wounded.
The orc misses you.
Casting: Sting (safe; 3% risk of failure)
Confirm with . or Enter, or press ? or * to list all spells.
Aiming: Sting (safe; 3% risk of failure)
Press: ? - help, Shift-Dir - straight line, f/p - orc
Aim: an orc, wielding a +0 mace (severely wounded, poisoned, 76% to hit)
The sting hits the orc.
The orc looks even sicker.
You kill the orc!
Casting: Sting (safe; 3% risk of failure)
Confirm with . or Enter, or press ? or * to list all spells.
Aiming: Sting (safe; 3% risk of failure)
Press: ? - help, Shift-Dir - straight line, f - orc
Aim: an orc, wielding a +0 club and wearing a +0 scale mail (79% to hit)
The sting hits the orc.
The orc is poisoned.
The orc is almost dead.
The orc barely misses you.
Casting: Sting (safe; 3% risk of failure)
Confirm with . or Enter, or press ? or * to list all spells.
Aiming: Sting (safe; 3% risk of failure)
Press: ? - help, Shift-Dir - straight line, f/p - orc
Aim: an orc, wielding a +0 club and wearing a +0 scale mail (almost dead, poisoned, 79% to hit)
The sting misses the orc.
The sting hits the orc warrior.
The orc warrior is poisoned.
The orc warrior is lightly wounded.
You kill the orc!
Casting: Sting (safe; 3% risk of failure)
Confirm with . or Enter, or press ? or * to list all spells.
Aiming: Sting (safe; 3% risk of failure)
Press: ? - help, Shift-Dir - straight line, f - orc warrior
Aim: an orc warrior, wielding a +0 mace and wearing a +0 plate armour (lightly wounded, poisoned, 76% to hit)
The sting hits the orc warrior.
The orc warrior looks even sicker.
The orc warrior is lightly wounded.
The orc warrior hits you with a +0 mace!
Casting: Sting (safe; 3% risk of failure)
Confirm with . or Enter, or press ? or * to list all spells.
Aiming: Sting (safe; 3% risk of failure)
Press: ? - help, Shift-Dir - straight line, f/p - orc warrior
Aim: an orc warrior, wielding a +0 mace and wearing a +0 plate armour (lightly wounded, very poisoned, 76% to hit)
The sting hits the orc warrior but does no damage.
The orc warrior looks even sicker.
The orc warrior is lightly wounded.
The orc warrior hits you with a +0 mace.
Casting: Sting (safe; 3% risk of failure)
Confirm with . or Enter, or press ? or * to list all spells.
Aiming: Sting (safe; 3% risk of failure)
Press: ? - help, Shift-Dir - straight line, f/p - orc warrior
Aim: an orc warrior, wielding a +0 mace and wearing a +0 plate armour (lightly wounded, very poisoned, 76% to hit)
The sting hits the orc warrior but does no damage.
The orc warrior looks as sick as possible!
The orc warrior is lightly wounded.
The orc warrior closely misses you.
Things that are here:
a +0 hand axe; a +0 leather armour; an orc corpse
Casting: Sting (safe; 3% risk of failure)
Confirm with . or Enter, or press ? or * to list all spells.
You feel a surge of power!
You ignite the poison in your surroundings!
The orc warrior seems to burn from within!!!
You kill the orc warrior!
Things that are here:
a +0 hand axe; a +0 leather armour; an orc corpse You start resting.
HP restored.
You start resting.
Magic restored.
There is a stone staircase leading down, spattered with blood here.
Things that are here:
a +0 mace; a +0 plate armour You climb downwards.
The orc misses you. The komodo dragon bites you!
The orc priest shouts!
There is a stone staircase leading up, spattered with blood here.
Casting: Ignite Poison (dangerous; 13% risk of failure)
Confirm with . or Enter, or press ? or * to list all spells.
Aiming: Sting (safe; 3% risk of failure)
Press: ? - help, Shift-Dir - straight line, f - orc
Aim: an orc, wielding a +0 club (76% to hit)
The sting hits the orc.
The orc is poisoned.
The orc is heavily wounded.
The orc shouts!
The orc misses you. You block the komodo dragon's attack.
The orc completely misses you. The komodo dragon barely misses you.
You climb upwards.
There is a stone staircase leading down, spattered with blood here.
Things that are here:
a +0 plate armour; a +0 mace
Casting: Sting (safe; 3% risk of failure)
Confirm with . or Enter, or press ? or * to list all spells.
Aiming: Sting (safe; 3% risk of failure)
Press: ? - help, Shift-Dir - straight line, f - orc
Aim: an orc, wielding a +0 club (severely wounded, poisoned, 76% to hit)
The sting misses the orc.
The orc barely misses you. The komodo dragon bites you!!
You hit the orc but do no damage.
The orc is almost dead.
The orc blinks!
The komodo dragon bites you!!
Ouch! That really hurt!
You die...

##.............##....#...).
#........#..##.............
#..............##...##...(.
#.......###..............(.
##.....## ####............[
##.....### ####..........
##.....##########..#.......
#......######.......##....
#....o..ยง@l.......####....
#.....#####.......###....#
#.....#####[......###.....
####### ##.......##..###.
##......#.....##.
##............##.
###...............
#####..........[..(#
#............##..#[#


You could see a komodo dragon and an orc (poisoned).

Vanquished Creatures
  Erolcha (D:10)
  2 two-headed ogres (D:10)
  Pikel (D:8)
  Maggie (D:8)
  A komodo dragon (D:10)
  2 trolls (D:9)
  A vampire (D:9)
  6 yaks
  A shadow (D:10)
  A wyvern (D:8)
  A warg (D:10)
  An acid dragon (D:10)
  4 water moccasins
  Pargi (Sewer)
  4 orc warriors
  2 ice beasts
  An ogre (D:5)
  A phantom (D:5)
  2 centaurs
  3 kobold brigands
  A gnoll sergeant (D:8)
  5 bullfrogs
  A necrophage (D:5)
  Blork the orc (D:5)
  A scorpion (D:5)
  4 wights (D:10)
  4 killer bees (D:9)
  3 howler monkeys (D:10)
  6 orc priests
  4 hounds
  Crazy Yiuf (D:2)
  2 jellies (D:5)
  2 gnoll boudas
  Jessica (D:2)
  An iguana (D:6)
  7 orc wizards
  19 gnolls
  7 adders
  A river rat (D:5)
  2 white imps
  A worm (D:2)
  3 dart slugs
  21 orcs
  6 endoplasms
  6 giant cockroaches
  3 goblins
  5 hobgoblins
  5 quokkas
  3 ball pythons
  4 bats
  2 frilled lizards
  23 kobolds
  8 rats
200 creatures vanquished.

Vanquished Creatures (others)
  4 plants (D:6)
4 creatures vanquished.

Grand Total: 204 creatures vanquished

Notes
Turn   | Place    | Note
-------+----------+-------------------------------------------
     0 | D:1      | Flugkiller the Spriggan Wanderer began the quest for the
                  | Orb.
     0 | D:1      | Flugkiller set off with the following items: a +0 dagger, a
                  | +0 hat, a +0 robe, a potion of haste, a scroll of
                  | teleportation; and the following spells available to
                  | memorise: Beastly Appendage, Sting, Ignite Poison.
     0 | D:1      | Reached XP level 1. HP: 9/9 MP: 3/3
     2 | D:1      | Learned a level 1 spell: Sting
   145 | D:1      | Reached skill level 1 in Poison Magic
   429 | D:1      | Reached XP level 2. HP: 13/13 MP: 0/5
   994 | D:2      | Found a runed translucent door.
   995 | D:2      | Noticed Crazy Yiuf
  1108 | D:2      | Killed Crazy Yiuf
  1109 | D:2      | Reached skill level 1 in Fighting
  1109 | D:2      | Reached XP level 3. HP: 18/18 MP: 1/7
  1198 | D:2      | Found Nyptaenio's Armour Shop.
  1506 | D:2      | Reached XP level 4. HP: 22/22 MP: 5/8
  1604 | D:2      | Identified the +1 robe of Ethereal Liberty {rN+ Str+4
                  | Int+4}
  1609 | D:2      | Noticed Jessica
  1628 | D:2      | Killed Jessica
  2153 | D:3      | Found a stormy altar of Qazlal.
  2199 | D:3      | Found an iron altar of Okawaru.
  2259 | D:3      | Found Hojibes Veecs's General Store.
  2270 | D:3      | Identified a scroll of acquirement
  2289 | D:3      | Reached XP level 5. HP: 25/25 MP: 5/10
  2448 | D:3      | Found a faded altar of an unknown god.
  2842 | D:4      | Learned a level 3 spell: Ignite Poison
  2887 | D:4      | Noticed a water moccasin
  2912 | D:4      | Killed a water moccasin
  2913 | D:4      | Reached skill level 1 in Fire Magic
  2913 | D:4      | Reached XP level 6. HP: 30/30 MP: 4/11
  2981 | D:4      | Found a staircase to the Ecumenical Temple.
  2991 | Temple   | Entered the Ecumenical Temple
  3164 | Temple   | Became a worshipper of Ashenzari the Shackled
  3763 | D:4      | Reached skill level 5 in Transmutations
  3838 | D:5      | Entered Level 5 of the Dungeon
  3883 | D:5      | Noticed a water moccasin
  3936 | D:4      | Killed a water moccasin
  3937 | D:4      | Reached skill level 6 in Dodging
  3937 | D:4      | Reached XP level 7. HP: 20/35 MP: 0/12
  4202 | D:5      | Found a glowing drain.
  4206 | Sewer    | Entered a sewer
  4296 | Sewer    | Noticed Pargi
  4311 | Sewer    | Killed Pargi
  4312 | Sewer    | Reached skill level 7 in Dodging
  4575 | D:5      | Reached skill level 8 in Dodging
  4699 | D:5      | Noticed Blork the orc
  4713 | D:5      | Killed Blork the orc
  4730 | D:5      | Reached skill level 9 in Dodging
  5016 | D:5      | Reached XP level 8. HP: 38/38 MP: 1/13
  5471 | D:6      | Reached skill level 10 in Dodging
  5475 | D:6      | Reached skill level 1 in Stealth
  5825 | D:6      | Found an ancient bone altar of Kikubaaqudgha.
  5829 | D:6      | Found a glowing golden altar of the Shining One.
  5835 | D:6      | Found a basalt altar of Yredelemnul.
  5835 | D:6      | Found an ornate altar of the Wu Jian Council.
  5836 | D:6      | Found a hide-covered altar of Uskayaw.
  5836 | D:6      | Found a sacrificial altar of Ru.
  5838 | D:6      | Found a white marble altar of Elyvilon.
  5879 | D:6      | Reached * piety under Ashenzari
  6099 | D:6      | Reached skill level 5 in Stealth
  6292 | D:6      | Reached skill level 1 in Shields
  6716 | D:6      | Noticed Menkaure
  7226 | D:7      | Acquired Miloschon's Dissertation on the Zephyr and
                  | Left-Handed Deeds
  7284 | D:7      | Reached ** piety under Ashenzari
  7340 | D:7      | Acquired the +2 hood of the Assassin {Detection Stab+
                  | Stlth++}
  7340 | D:7      | Found the +2 hood of the Assassin {Detection Stab+ Stlth++}
  7347 | D:7      | Noticed a cyclops
  7648 | D:7      | Learned a level 5 spell: Borgnjor's Vile Clutch
  7845 | D:8      | Noticed Maggie
  7895 | D:8      | Reached skill level 1 in Necromancy
  7895 | D:8      | Reached skill level 1 in Earth Magic
  7895 | D:8      | Reached XP level 9. HP: 26/43 MP: 14/14
  7951 | D:8      | Noticed Pikel
  7963 | D:8      | Killed Pikel
  7995 | D:8      | Identified the +5 trident of Tension {vorpal, rC- rCorr
                  | MP+9}
  8305 | D:8      | Reached *** piety under Ashenzari
  8911 | D:8      | Killed Maggie
  9076 | D:9      | Noticed a troll
  9095 | D:9      | Killed a troll
  9096 | D:9      | Reached skill level 5 in Necromancy
  9250 | D:9      | Identified the cursed +0 hat of Ashenzari's Fetters {Evo,
                  | Comp}
  9492 | D:9      | Found a sparkling altar of Nemelex Xobeh.
  9563 | D:9      | Reached skill level 5 in Earth Magic
  9583 | D:9      | Reached XP level 10. HP: 49/49 MP: 7/15
 10459 | D:10     | Entered Level 10 of the Dungeon
 10600 | D:10     | Noticed a two-headed ogre
 10609 | D:10     | Killed a two-headed ogre
 10610 | D:10     | Reached skill level 5 in Spellcasting
 10684 | D:10     | Noticed a two-headed ogre
 10699 | D:10     | Killed a two-headed ogre
 11014 | D:10     | Noticed Erolcha
 11602 | D:10     | Killed Erolcha
 11603 | D:10     | Reached XP level 11. HP: 52/52 MP: 15/21
 11659 | D:8      | Reached **** piety under Ashenzari
 12031 | D:10     | Mangled by a komodo dragon

Illustrated notes

Levels and vault maps discovered:
D:1:      dpeg_arrival_stonehenge_8_columns, layout_loops_corners,
          minmay_splitting_lines, nrook_loot_triangle,
          dreamdust_mushroom_princess, chequers_serial_rivers_micro_d
D:2:      layout_loops_cross, serial_shops, shop, minmay_misc_feat_iff,
          uniq_crazy_yiuf_cottage, uniq_jessica
D:3:      layout_basic, mainiacjoe_overflow_catch_the_wave, serial_shops, shop,
          chequers_ecumenical_altar_lobes, kennysheep_generic_room_6
D:4:      layout_loops_ring, temple_pool_b, minmay_between
D:5:      layout_basic, gup_sewer_entry_spiral, kennysheep_flooded_box,
          amcnicky_mini_corridor_feature, uniq_blork_the_orc
D:6:      layout_basic, minitemple, serial_bayou_ford_a, lemuel_flame_loot_1,
          uniq_menkaure
D:7:      layout_rooms, kennysheep_big_empty_room, minmay_misc_feat_encased,
          minivault_25
D:8:      layout_loops_cross, uniq_pikel, uniq_maggie
D:9:      layout_basic, nemelex_spade_bored_becter
D:10:     layout_rooms, uniq_erolcha
D:11:     layout_big_octagon, dpeg_lair_monsters, erik_orc_4, serial_shops,
          shop, doesnt_xom_only_xom
Temple:   nicolae_temple_bog_church

Skill      XL: |  1  2  3  4  5  6  7  8  9 10 |
---------------+-------------------------------+-----
Poison Magic   | 1 2 3 4 |  4.0
Fighting       | 1 2 3 |  3.0
Spellcasting   | 2 3 6 |  6.0
Transmutations | 3 4 5 |  5.0
Fire Magic     | 1 |  1.0
Evocations     | 4 |  4.0
Dodging        | 6 9 10 | 10.0
Stealth        | 6 |  6.0
Shields        | 3 |  3.2
Necromancy     | 1 5 7 |  7.8
Earth Magic    | 1 5 7 |  7.6
Short Blades   | |  0.6
Throwing       | |  1.0

Action                   |  1- 3 |  4- 6 |  7- 9 | 10-12 || total
-------------------------+-------+-------+-------+-------++-------
Melee: Dagger            |     2 |     3 |    24 |    29 ||    58
       Unarmed           |       |       |     2 |       ||     2
       Punch             |       |       |     1 |       ||     1
 Cast: Sting             |    46 |   109 |   380 |   108 ||   643
       Ignite Poison     |       |     2 |    27 |    11 ||    40
       Borgnjor's Vile C |       |       |       |    23 ||    23
Invok: Curse Item        |       |       |     4 |     1 ||     5
Evoke: Condenser vane    |       |       |       |     1 ||     1
  Use: Scroll            |       |     5 |     5 |       ||    10
       Potion            |       |       |     4 |       ||     4
 Stab: Sleeping          |       |       |     1 |       ||     1
Armor: Robe              |     2 |     4 |    12 |     9 ||    27
       Skin              |       |       |    14 |       ||    14
Dodge: Dodged            |     7 |    40 |   206 |   103 ||   356
Block: Buckler           |       |       |    19 |    41 ||    60

Table legend: (Time is in decaauts)
 A = Elapsed time spent in this place.
 B = Non-inter-level travel time spent in this place.
 C = Inter-level travel time spent in this place.
 D = Time resting spent in this place.
 E = Time spent auto-exploring this place.
 F = Levels seen in this place.
 G = Mean time per level.
                   A        B        C        D        E       F      G
               +--------+--------+--------+--------+--------+-----+--------+
         Total |   9041 |   8667 |    374 |   3139 |   3366 |  13 |  695.5 |
       Dungeon |   8749 |   8400 |    349 |   3094 |   3233 |  11 |  795.4 |
        Temple |    128 |    103 |     25 |      0 |     93 |   1 |  128.0 |
         Sewer |    163 |    163 |      0 |     45 |     38 |   1 |  163.0 |
               +--------+--------+--------+--------+--------+-----+--------+

Top non-repeatable levels by time:
     D:9: 1334 daAuts
     D:5: 1143 daAuts
     D:8: 1086 daAuts
    D:10: 948 daAuts
     D:6: 845 daAuts
     D:4: 809 daAuts
     D:7: 705 daAuts
     D:2: 674 daAuts
     D:1: 623 daAuts
     D:3: 546 daAuts
   Sewer: 163 daAuts
  Temple: 128 daAuts
    D:11: 33 daAuts
